 Dungeon Crawl Stone Soup version 0.26-a0-540-g8a0c9464d7 (webtiles) character file.

Game seed: 10655687875488635798

115 Gorglomux the Skirmisher (level 4, -1/40 HPs)
             Began as a Palentonga Delver on Aug 21, 2020.
             Slain by an elf skeleton (7 damage)
             ... on level 6 of the Dungeon.
             The game lasted 00:02:23 (619 turns).

Gorglomux the Skirmisher (Palentonga Delver)         Turns: 619, Time: 00:02:24

Health: -1/40      AC:  4    Str: 16    XL:     4   Next: 68%
Magic:  4/4        EV:  9    Int: 11    God:
Gold:   0          SH:  0    Dex: 11    Spells: 3/3 levels left

rFire    . . .     SeeInvis +   a - +0 short sword
rCold    . . .     Faith    .   (no shield)
rNeg     . . .     Spirit   .   b - +0 leather armour
rPois    .         Reflect  .   (no helmet)
rElec    .         Harm     .   (no cloak)
rCorr    .                      (no gloves)
MR       .....                  (boots restricted)
Stlth    ++........             (no amulet)
HPRegen  0.13/turn              (no ring)
MPRegen  0.09/turn              (no ring)

@: no status effects
A: large, rugged brown scales 3, see invisible, deformed body, roll, armoured
tail
a: Rolling Charge


You were on level 6 of the Dungeon.
You visited 1 branch of the dungeon, and saw 2 of its levels.

Inventory:

Hand Weapons
 a - a +0 short sword (weapon)
Armour
 b - a +0 leather armour (worn)
Wands
 D - a wand of digging (7)
Scrolls
 c - a scroll of fog
 d - a scroll of teleportation {unknown}
 e - a scroll of fear
 M - a scroll of magic mapping
Potions
 H - a potion of haste


   Skills:
 + Level 4.4 Fighting
 + Level 3.7 Short Blades
 - Level 1.5 Dodging
 - Level 3.3 Stealth


You had 3 spell levels left.
You didn't know any spells.
Your spell library was empty.

Dungeon Overview and Level Annotations

Branches:
Dungeon (6/15)
 Temple: D:4-7

Altars:

Portals:
Ossuary: D:6


Innate Abilities, Weirdness & Mutations

You are completely covered in rugged brown scales. (AC +3, +7% HP)
You have supernaturally acute eyesight. (SInv)
Armour fits poorly on your strangely shaped body.
You can roll at foes to attack.
You have a long armoured tail.


Message History

You open the door.
A human skeleton comes into view.
You close the door.
You open the door. You hit the human skeleton.
You tail-slap the human skeleton.
The human skeleton is moderately damaged.
The human skeleton hits you.
You hit the human skeleton. You tail-slap the human skeleton.
The human skeleton is heavily damaged.
You hear the rapid hiss of an avalanche of sand.
The human skeleton barely misses you.
You completely miss the human skeleton.
The human skeleton is heavily damaged.
You barely miss the human skeleton.
The human skeleton is heavily damaged.
The human skeleton hits you.
You hit the human skeleton.
You tail-slap the human skeleton, but do no damage.
The human skeleton is heavily damaged.
The human skeleton hits you.
* * * LOW HITPOINT WARNING * * *
You hit the human skeleton. You tail-slap the human skeleton!
The human skeleton is severely damaged.
The human skeleton hits you.
* * * LOW HITPOINT WARNING * * *
You barely miss the human skeleton.
The human skeleton is severely damaged.
You barely miss the human skeleton.
The human skeleton is severely damaged.
The human skeleton hits you.
* * * LOW HITPOINT WARNING * * *
You barely miss the human skeleton. You tail-slap the human skeleton.
The human skeleton is almost destroyed.
The human skeleton hits you.
* * * LOW HITPOINT WARNING * * *
You hit the human skeleton.
You destroy the human skeleton!
There is an open door here.
You open the door.
There is an open door here.
There is an open door here.
You open the door.
An elf skeleton comes into view.
Found a sand-covered staircase.
There is an open door here.
The helpless elf skeleton fails to defend itself.
You impale the elf skeleton!!
The elf skeleton is moderately damaged.
The elf skeleton hits you!
You die...

##### #...# #...######
#........# #........#
######### ##........#
#Z#.#.'.# #.......<.#
#+#'#'#######.###.....#
#.'...@Z#.......'.....#
###...###.#######...###
#.'...+ #.# #...#
#'#'#'###.# ###.#
#.#.#...'.# #.#
########### #.# .# .#


You could see an elf skeleton.

Vanquished Creatures
  An elf skeleton (D:6)
  A human zombie (D:6)
  A human skeleton (D:6)
  An orc skeleton (D:6)
4 creatures vanquished.

Notes
Turn   | Place    | Note
-------+----------+-------------------------------------------
     0 | D:5      | Gorglomux the Palentonga Delver began the quest for the
                  | Orb.
     0 | D:5      | Reached XP level 1. HP: 19/19 MP: 1/1
     5 | D:5      | Noticed a centaur
   432 | D:6      | Reached XP level 2. HP: 17/26 MP: 2/2
   432 | D:6      | Reached XP level 3. HP: 21/32 MP: 3/3
   584 | D:6      | Reached skill level 4 in Fighting
   584 | D:6      | Reached skill level 3 in Short Blades
   584 | D:6      | Reached XP level 4. HP: 18/39 MP: 4/4
   617 | D:6      | Found a sand-covered staircase.
   619 | D:6      | Slain by an elf skeleton

Illustrated notes

Levels and vault maps discovered:
D:5:      layout_basic, minmay_temple_entry_trees,
          nicolae_tso_swordbearing_angel, uniq_edmund
D:6:      minmay_thinvault, layout_basic, nicolae_ossuary_entry_catacombs

Skill      XL: |  1  2  3 |
---------------+----------+-----
Fighting       | 4 |  4.4
Short Blades   | 3 |  3.7
Dodging        | |  1.5
Stealth        | |  3.3

Action                   |  1- 3 |  4- 6 || total
-------------------------+-------+-------++-------
Melee: Short sword       |    27 |    13 ||    40
       Tailslap          |     5 |     6 ||    11
 Stab: Distracted        |     1 |       ||     1
       Sleeping          |       |     1 ||     1
Armor: Leather armour    |     4 |     1 ||     5
Dodge: Dodged            |    10 |     2 ||    12

Table legend: (Time is in decaauts)
 A = Elapsed time spent in this place.
 B = Non-inter-level travel time spent in this place.
 C = Inter-level travel time spent in this place.
 D = Time resting spent in this place.
 E = Time spent auto-exploring this place.
 F = Levels seen in this place.
 G = Mean time per level.
                   A        B        C        D        E       F      G
               +--------+--------+--------+--------+--------+-----+--------+
         Total |    617 |    617 |      0 |    437 |      0 |   2 |  308.5 |
       Dungeon |    617 |    617 |      0 |    437 |      0 |   2 |  308.5 |
               +--------+--------+--------+--------+--------+-----+--------+

Top non-repeatable levels by time:
     D:6: 599 daAuts
     D:5: 18 daAuts
